 Dungeon Crawl Stone Soup version 0.32-a0-814-g0968bab981 (webtiles) character file.

Game seed: 10751771299046577558

23802 Ijustatesigmund the Fighter (level 13, -7/93 HPs)
             Began as an Octopode Conjurer on Mar 22, 2024.
             Was a Priest of Cheibriados.
             Shot with an arrow by a tengu warrior (25 damage)
             ... on level 12 of the Dungeon.
             The game lasted 00:27:17 (14318 turns).

Ijustatesigmund the Fighter (Octopode Conjurer)    Turns: 14318, Time: 00:27:18

Health: -7/93      AC:  5    Str: 18    XL:     13   Next: 9%
Magic:  7/35       EV: 15    Int: 34    God:    Cheibriados [***...]
Gold:   572        SH:  0    Dex: 23    Spells: 13/30 levels left

rFire   + . .        z - +12 sling of Tenacity {flame, rN+}
rCold   . . .        (no shield)
rNeg    + . .        (helmet restricted)
rPois   .            M - amulet of the acrobat
rElec   .            h - +6 ring of dexterity
rCorr   .            B - +4 ring of slaying
SInv    .            C - ring of the Mage {Wiz Archmagi}
Will    .....        D - ring of protection from fire
Stlth   ++++         E - +4 ring of protection
HPRegen 0.35/turn    N - +6 ring of intelligence
MPRegen 0.24/turn    O - ring of magical power
                     (no ring)

%: acrobat, wizardry (x1), archmagi
@: invisible, very slow
A: almost no armour, amphibious, 8 rings, camouflage 1, gelatinous body 1,
(nimble swimmer 1), tentacles, dopey 1, strong 1
a: Renounce Religion, Bend Time, Temporal Distortion


You were on level 12 of the Dungeon.
You worshipped Cheibriados.
Cheibriados was most pleased with you.
You visited 2 branches of the dungeon, and saw 13 of its levels.

You collected 812 gold pieces.
You spent 240 gold pieces at shops.

Inventory:

Hand Weapons
 d - a +2 short sword of venom
 e - a +1 hand axe
 m - a +6 dagger of venom
 z - the +12 sling of Tenacity (weapon) {flame, rN+}
   (You found it on level 5 of the Dungeon)

   rN+:       It protects you from negative energy.
Missiles
 J - a throwing net
Jewellery
 h - a +6 ring of dexterity (left tentacle)
 B - a +4 ring of slaying (right tentacle)
 C - the ring of the Mage (on tentacle) {Wiz Archmagi}
   (You found it on level 7 of the Dungeon)

   [ring of wizardry]

   Wiz:       It improves your spell success rate.
   Archmagi:  It increases the power of your magical spells.
 D - a ring of protection from fire (on tentacle)
 E - a +4 ring of protection (on tentacle)
 M - an amulet of the acrobat (around mantle)
 N - a +6 ring of intelligence (on tentacle)
 O - a ring of magical power (on tentacle)
Wands
 l - a wand of flame (15)
 v - a wand of acid (6)
 w - a wand of roots (36)
 K - a wand of polymorph (3)
Scrolls
 b - 2 scrolls of enchant weapon
 c - 2 scrolls of blinking
 f - 3 scrolls of enchant armour
 g - 2 scrolls of teleportation
 k - a scroll of identify
 r - a scroll of revelation
 t - 3 scrolls of noise
 u - a scroll of poison
 y - 4 scrolls of immolation
 A - a scroll of amnesia
Potions
 a - a potion of magic
 i - 3 potions of brilliance
 j - 2 potions of ambrosia
 n - a potion of invisibility
 o - 2 potions of haste
 p - a potion of berserk rage
 q - 2 potions of mutation
 x - 2 potions of enlightenment
 H - 3 potions of curing
 L - a potion of attraction


   Skills:
 + Level 10.3 Fighting
 - Level 2.5 Short Blades
 - Level 5.4 Ranged Weapons
 - Level 4.0 Dodging
 - Level 2.6 Stealth
 + Level 9.0 Spellcasting
 + Level 8.7 Conjurations
 - Level 8.3 Translocations
 + Level 6.7 Fire Magic
 + Level 8.2 Invocations


You had 13 spell levels left.
You knew the following spells:

 Your Spells              Type           Power      Damage    Failure   Level
a - Magic Dart            Conj           100%       1d8       1%          1
b - Searing Ray           Conj           100%       2d8       1%          2
c - Iskenderun's Mystic   Conj/Tloc      83%        2d16      1%          4
d - Fireball              Conj/Fire      40%        3d16      1%          5
e - Iskenderun's Battles  Conj           84%        2d13      1%          5

Your spell library contained the following spells:

 Spells                   Type           Power      Damage    Failure   Level
 Shock                    Conj/Air       100%       1d9       1%          1
 Blink                    Tloc           100%       N/A       1%          2
 Call Imp                 Summ           44%        N/A       1%          2
 Ensorcelled Hibernation  Hex/Ice        44%        N/A       1%          2
 Stone Arrow              Conj/Erth      100%       3d13      1%          3
 Brom's Barrelling Bould  Conj/Erth      61%        2d8       1%          4
 Fulminant Prism          Conj/Alch      30%        3d16      1%          4
 Fugue of the Fallen      Necr           22%        N/A       3%          3
 Anguish                  Hex/Necr       11%        N/A       12%         4
 Orb of Destruction       Conj           42%        9d12      26%         7
 Conjure Ball Lightning   Conj/Air       30%        3x3d10    28%         6
 Lehudib's Crystal Spear  Conj/Erth      30%        10d8      100%        8
 Animate Armour           Summ/Erth      Unusable   N/A       N/A         4

Dungeon Overview and Level Annotations

Branches:
Dungeon (12/15)            Temple (1/1) D:5            Lair (0/5) D:10
    Orc (0/2) D:12

Altars:
Ashenzari
Cheibriados
Dithmenos
Elyvilon
Fedhas
Gozag
Hepliaklqana
Kikubaaqudgha
Makhleb
Nemelex Xobeh
Okawaru
Qazlal
Ru
Sif Muna
Trog
Uskayaw
Vehumet
Wu Jian
Xom
Yredelemnul
Zin
The Shining One

Shops:
D:6 *

Annotations:
D:12 1 runed translucent door


Innate Abilities, Weirdness & Mutations

You cannot wear most types of armour.
You are amphibious.
You can wear up to eight rings at the same time.
Your skin changes colour to match your surroundings (Stealth+).
Your rubbery body absorbs attacks. (AC +1, EV +1)
((You are camouflaged when in or above water. (Stealth+)))
You have tentacles for arms and can constrict up to eight enemies at once.
You are dopey. (Int -2)
Your muscles are strong. (Str +4, Int/Dex -1)


Message History

The sling bullet hits the boulder beetle.
The sling bullet burns the boulder beetle.
The boulder beetle is almost dead.
A tengu warrior comes into view.
It is wielding a +2 flail of holy wrath and wearing a +2 robe of cold resistance.
The boulder beetle completely misses you.
The boulder beetle stops rolling and uncurls.
You shoot a sling bullet. The tengu warrior shouts!
The sling bullet hits the boulder beetle but does no damage.
The boulder beetle is almost dead.
The boulder beetle bites you.
The tengu warrior unwields a +2 flail of holy wrath.
It stops glowing.
The tengu warrior wields the +10 longbow of the Horn {flame, rF- rCorr Int+2}.
It bursts into flame!
The tengu warrior shoots an arrow.
The arrow hits you!! The arrow burns you.
You shoot a sling bullet.
The sling bullet hits the boulder beetle but does no damage.
The boulder beetle is almost dead.
The boulder beetle bites you but does no damage.
The tengu warrior shoots an arrow.
The arrow misses you.
Unknown command.
Casting: Iskenderun's Mystic Blast (safe; 1% risk of failure)
Confirm with . or Enter, or press ? or * to list all spells.
You feel a surge of power!
You erupt in a blast of force!
The mystic blast hits the boulder beetle!!
You kill the boulder beetle!
Cheibriados appreciates the change of pace.
The tengu warrior shoots an arrow.
The arrow hits you!!
* * * LOW HITPOINT WARNING * * *
The arrow burns you.
* * * LOW HITPOINT WARNING * * *
Your Spellcasting skill increases to level 9!
Okay, then.
Okay, then.
Okay, then.
You fade into invisibility!
The tengu warrior shoots an arrow.
The arrow hits you!!
You die...
Cheibriados appreciates the motionlessness of death.

..................##.....#.......
..................##.............
..(..............................
..........#........#........#####
...>..........^.................#
.......##....[###.....##....##...
....#........#..###...##.....#...
....#........#....###...##...#...
.........[÷..###@.).###......#...
........#....#..†.#...###...###..
........#....#..........###...###
.............#.##..##..Q.♣###...#
.............#.##..........♣###..
.........)...##.....###u♣....♣###
........)#...#......#,#)..P..9.*#
.........#...#......#,#)♣h.♣P..,,
.......#.#.#.#.#...,*,...(.....*,


You could see a tengu warrior (unable to see you).

Vanquished Creatures
  Snorg (D:11)
  Josephine (D:10)
  A hydra (D:12)
  2 boulder beetles (D:12)
  6 two-headed ogres
  A tengu warrior (D:12)
  A deep elf pyromancer (D:12)
  An ugly thing (D:12)
  7 cyclopes
  Maurice (D:11)
  A manticore (D:12)
  3 gargoyles (D:12)
  Maggie (D:7)
  Psyche (D:11)
  3 trolls (D:12)
  Grinder (D:6)
  7 wraiths
  A shadow (D:11)
  A vampire (D:9)
  A wyvern (D:10)
  36 yaks
  A basilisk (D:12)
  A vampire mosquito (D:12)
  An acid dragon (D:10)
  2 water moccasins
  2 orc warriors
  A sky beast (D:6)
  An ice beast (D:8)
  2 black bears
  2 ogres
  2 phantoms
  5 centaurs
  A kobold brigand (D:8)
  A bullfrog (D:7)
  Blork the orc (D:6)
  2 gnoll sergeants
  5 killer bees (D:11)
  4 howler monkeys
  A hound (D:4)
  5 jellies
  2 orc priests
  A sleepcap (D:4)
  5 iguanas
  19 orc wizards
  8 gnolls
  6 adders
  2 ufetubi (D:6)
  A ribbon worm (D:5)
  2 dart slugs
  35 orcs
  7 ball pythons
  4 bats
  An endoplasm (D:1)
  4 giant cockroaches
  9 goblins
  11 hobgoblins
  8 jackals
  2 quokkas
  4 frilled lizards
  11 kobolds
  7 rats
  A butterfly (D:10)
268 creatures vanquished.

Vanquished Creatures (collateral kills)
  A yak (D:12)
1 creature vanquished.

Vanquished Creatures (others)
  An arcanist (D:7)
1 creature vanquished.

Grand Total: 270 creatures vanquished

Notes
Turn   | Place    | Note
-------+----------+-------------------------------------------
     0 | D:1      | Ijustatesigmund the Octopode Conjurer began the quest for
                  | the Orb.
     0 | D:1      | Reached XP level 1. HP: 11/11 MP: 3/3
   303 | D:1      | Reached XP level 2. HP: 18/18 MP: 0/5
   368 | D:1      | Learned a level 2 spell: Searing Ray
   512 | D:1      | Reached skill level 1 in Fighting
   693 | D:1      | Reached XP level 3. HP: 23/23 MP: 2/6
  1606 | D:2      | Reached XP level 4. HP: 28/29 MP: 8/8
  1701 | D:2      | Reached skill level 2 in Fighting
  1928 | D:2      | Found a faded altar of an unknown god.
  2354 | D:3      | Found a blossoming altar of Fedhas.
  2474 | D:4      | Reached XP level 5. HP: 25/35 MP: 9/9
  2479 | D:4      | Learned a level 4 spell: Iskenderun's Mystic Blast
  2731 | D:4      | Noticed a phantom
  2746 | D:4      | Killed a phantom
  2747 | D:4      | Reached skill level 1 in Translocations
  3045 | D:4      | Noticed a black bear
  3051 | D:4      | Killed a black bear
  3052 | D:4      | Reached XP level 6. HP: 36/41 MP: 10/12
  3441 | D:4      | Found an ancient bone altar of Kikubaaqudgha.
  4250 | D:5      | Entered Level 5 of the Dungeon
  4356 | D:5      | Reached XP level 7. HP: 45/45 MP: 7/13
  4735 | D:5      | Reached skill level 5 in Spellcasting
  4780 | D:5      | Found a staircase to the Ecumenical Temple.
  4796 | Temple   | Entered the Ecumenical Temple
  4826 | D:5      | Identified the +12 sling of Tenacity {flame, rN+}
  5099 | D:6      | Noticed Blork the orc
  5103 | D:6      | Killed Blork the orc
  5197 | D:6      | Noticed Grinder
  5201 | D:6      | Killed Grinder
  5202 | D:6      | Reached skill level 5 in Translocations
  5202 | D:6      | Reached XP level 8. HP: 51/51 MP: 16/16
  5299 | D:6      | Reached skill level 5 in Conjurations
  5305 | D:6      | Reached skill level 1 in Short Blades
  5663 | D:6      | Found Boymydd's Assorted Antiques.
  5684 | D:6      | Reached XP level 9. HP: 55/55 MP: 15/18
  5708 | D:6      | Bought a bone ring for 150 gold pieces
  5709 | D:6      | Bought a scroll labelled JAONKA GYISE for 30 gold pieces
  5709 | D:6      | Bought a scroll labelled NOECICOFUH for 30 gold pieces
  5709 | D:6      | Bought a scroll labelled OLITWI NOEHAV for 30 gold pieces
  6128 | D:7      | Reached skill level 1 in Ranged Weapons
  6402 | D:7      | Noticed Maggie
  6435 | D:7      | Killed Maggie
  6653 | D:7      | Found the ring of the Mage {Wiz Archmagi}
  6930 | D:7      | Found a bloodstained altar of Trog.
  6933 | D:7      | Noticed a wizard
  6938 | D:7      | Killed a wizard
  7026 | D:7      | Found a shimmering blue altar of Sif Muna.
  7042 | D:7      | Got Sif Muna's Parchment of Vapour
  7387 | D:8      | Reached XP level 10. HP: 53/61 MP: 7/21
  8418 | D:9      | Learned a level 5 spell: Fireball
  8471 | D:9      | Noticed a two-headed ogre
  8477 | D:9      | Killed a two-headed ogre
  8478 | D:9      | Reached skill level 5 in Ranged Weapons
  8770 | D:9      | Found a glowing silver altar of Zin.
  8814 | D:9      | Gained mutation: You are dopey. (Int -2) [potion of
                  | mutation]
  8814 | D:9      | Gained mutation: Your muscles are strong. (Str +4, Int/Dex
                  | -1) [potion of mutation]
  9127 | D:9      | Reached skill level 3 in Fighting
  9502 | D:9      | Found a snail-covered altar of Cheibriados.
  9505 | D:9      | Found a radiant altar of Vehumet.
  9510 | D:9      | Became a worshipper of Cheibriados the Contemplative
  9711 | D:9      | Reached skill level 4 in Fighting
  9711 | D:9      | Reached skill level 1 in Invocations
  9715 | D:9      | Reached XP level 11. HP: 30/69 MP: 2/23
 10036 | D:10     | Entered Level 10 of the Dungeon
 10227 | D:10     | Reached * piety under Cheibriados
 10234 | D:10     | Found a staircase to the Lair.
 10280 | D:10     | Noticed Josephine
 10295 | D:10     | Reached skill level 5 in Fighting
 10299 | D:10     | Killed Josephine
 10570 | D:10     | Reached skill level 6 in Fighting
 10570 | D:10     | Reached skill level 5 in Invocations
 10660 | D:10     | Found a white marble altar of Elyvilon.
 11390 | D:11     | Noticed a two-headed ogre
 11395 | D:11     | Killed a two-headed ogre
 11396 | D:11     | Reached skill level 7 in Fighting
 11406 | D:11     | Reached ** piety under Cheibriados
 11476 | D:11     | Noticed a cyclops
 11484 | D:11     | Killed a cyclops
 11488 | D:11     | Noticed a cyclops
 11499 | D:11     | Killed a cyclops
 11924 | D:11     | Noticed Snorg
 11936 | D:11     | Killed Snorg
 11937 | D:11     | Reached skill level 8 in Fighting
 11937 | D:11     | Reached XP level 12. HP: 52/82 MP: 2/24
 12386 | D:11     | Noticed Psyche
 12390 | D:11     | Killed Psyche
 12565 | D:11     | Noticed Maurice
 12565 | D:11     | Noticed a two-headed ogre
 12574 | D:11     | Killed Maurice
 12575 | D:11     | Killed a two-headed ogre
 12797 | D:12     | Identified the +8 quarterstaff of the Carved God
                  | {antimagic, rN+ rCorr Dex+3 Stlth+}
 12798 | D:12     | Noticed a tengu reaver
 12798 | D:12     | Found a runed translucent door.
 12799 | D:12     | Noticed a two-headed ogre
 12799 | D:12     | Noticed a rakshasa
 12847 | D:12     | Reached skill level 9 in Fighting
 13036 | D:12     | Noticed a two-headed ogre
 13039 | D:12     | Killed a two-headed ogre
 13074 | D:12     | Reached skill level 5 in Fire Magic
 13217 | D:12     | Noticed a four-headed hydra
 13223 | D:12     | Killed a four-headed hydra
 13984 | D:12     | Found a staircase to the Orcish Mines.
 14043 | D:12     | Noticed a two-headed ogre
 14049 | D:12     | Noticed a two-headed ogre
 14050 | D:12     | Killed a two-headed ogre
 14051 | D:12     | Reached skill level 10 in Fighting
 14056 | D:12     | Reached *** piety under Cheibriados
 14058 | D:12     | Killed a two-headed ogre
 14258 | D:12     | Noticed a boulder beetle
 14267 | D:12     | Killed a boulder beetle
 14268 | D:12     | Reached XP level 13. HP: 81/92 MP: 25/25
 14276 | D:12     | Learned a level 5 spell: Iskenderun's Battlesphere
 14314 | D:12     | Identified the +10 longbow of the Horn {flame, rF- rCorr
                  | Int+2}
 14318 | D:12     | Shot with an arrow by a tengu warrior

Illustrated notes

Levels and vault maps discovered:
D:1:      dpeg_arrival_concentric_ovals, layout_loops_ring
D:2:      layout_rooms, chequers_ecumenical_altar_lobes
D:3:      layout_rooms, fedhas_altar_1
D:4:      layout_layer_cave, mainiacjoe_overflow_catwalk
D:5:      layout_rooms, minmay_temple_entry_hall
D:6:      minmay_inner_zag, layout_cave_pools, serial_shops, shop,
          uniq_blork_the_orc, uniq_grinder
D:7:      layout_loops_corners, trog_wizard, led_sif_book, uniq_maggie
D:8:      layout_cave_pods, grunt_ministairs_6
D:9:      layout_stronghold, zin_statuary,
          chequers_temple_overflow_statue_of_worship
D:10:     layout_long_grid, nicolae_elyvilon_peaceful_grove, lair_entry_dummy,
          uniq_josephine
D:11:     layout_loops_corners, uniq_psyche, uniq_maurice, uniq_snorg
D:12:     minmay_the_grid_triangle_9x9_rhombus_full_mashed
          [minmay_the_grid_triangle_9x9_shrine,
          minmay_the_grid_triangle_9x9_flanged_cone,
          minmay_the_grid_triangle_9x9_swiss_cheese,
          minmay_the_grid_triangle_9x9_intruding_spiral,
          minmay_the_grid_triangle_9x9_fully_insulated_deathbox,
          minmay_the_grid_triangle_9x9_dagger,
          minmay_the_grid_triangle_9x9_corrupted_corridor,
          minmay_the_grid_triangle_9x9_prize_center], layout_basic, orc_0_dummy
Temple:   nicolae_temple_superstar

Skill      XL: |  1  2  3  4  5  6  7  8  9 10 11 12 13 |
---------------+----------------------------------------+-----
Fighting       | 1 2 4 8 10 | 10.3
Spellcasting   | 3 4 5 6 7 8 9 |  9.0
Translocations | 2 3 5 6 7 8 |  8.3
Conjurations   | 5 7 8 |  8.7
Short Blades   | 2 |  2.5
Ranged Weapons | 3 5 |  5.4
Dodging        | 3 4 |  4.0
Invocations    | 2 7 8 |  8.2
Fire Magic     | 2 6 |  6.7
Stealth        | |  2.6

Action                     |  1- 3 |  4- 6 |  7- 9 | 10-12 | 13-15 || total
---------------------------+-------+-------+-------+-------+-------++-------
  Melee: Dagger            |    10 |    66 |     3 |    12 |       ||    91
         Constrict         |     3 |    13 |       |       |       ||    16
         Tentacles         |     2 |     9 |     1 |     1 |       ||    13
         Short sword       |     2 |       |       |       |       ||     2
   Fire: Sling             |       |       |   114 |   256 |     8 ||   378
   Cast: Magic Dart        |    59 |    34 |    31 |     7 |     9 ||   140
         Searing Ray       |     1 |     1 |     8 |     7 |       ||    17
         Iskenderun's Myst |       |     2 |     5 |    30 |     4 ||    41
         Fireball          |       |       |       |    10 |       ||    10
         Iskenderun's Batt |       |       |       |       |     1 ||     1
  Evoke: Wand              |       |       |       |     9 |       ||     9
    Use: Scroll            |       |     3 |     9 |    12 |       ||    24
         Potion            |       |       |     3 |     5 |     1 ||     9
   Stab: Sleeping          |       |    13 |       |       |       ||    13
 Armour: Skin              |    12 |    39 |    37 |    85 |     5 ||   178
  Dodge: Dodged            |    16 |    23 |    33 |    58 |     2 ||   132

Table legend: (Time is in decaauts)
 A = Elapsed time spent in this place.
 B = Non-inter-level travel time spent in this place.
 C = Inter-level travel time spent in this place.
 D = Time resting spent in this place.
 E = Time spent auto-exploring this place.
 F = Levels seen in this place.
 G = Mean time per level.
                   A        B        C        D        E       F      G
               +--------+--------+--------+--------+--------+-----+--------+
         Total |  15214 |  14875 |    339 |   4603 |   8733 |  13 | 1170.3 |
       Dungeon |  15212 |  14875 |    337 |   4603 |   8733 |  12 | 1267.7 |
        Temple |      1 |      0 |      1 |      0 |      0 |   1 |    1.0 |
               +--------+--------+--------+--------+--------+-----+--------+

Top non-repeatable levels by time:
    D:11: 2126 daAuts
     D:4: 1835 daAuts
     D:9: 1686 daAuts
    D:10: 1587 daAuts
     D:1: 1402 daAuts
    D:12: 1389 daAuts
     D:7: 1243 daAuts
     D:8: 1141 daAuts
     D:6: 992 daAuts
     D:5: 822 daAuts
     D:2: 640 daAuts
     D:3: 344 daAuts
  Temple: 1 daAuts
